 Dungeon Crawl Stone Soup version 0.31-a0-692-gf03d1854d5 (webtiles) character file.

Game seed: 15197157125112256058

219 qw the Shooter (level 5, -4/33 HPs)
             Began as a Gargoyle Hunter on Sept 6, 2023.
             Killed by divine providence
             ... invoked by an orc priest
              (11 damage)
             ... on level 4 of the Dungeon.
             The game lasted 00:01:01 (2871 turns).

qw the Shooter (Gargoyle Hunter)                    Turns: 2871, Time: 00:01:02

Health: -4/33      AC: 11    Str: 14    XL:     5   Next: 96%
Magic:  5/5        EV: 10    Int: 10    God:
Gold:   131        SH:  0    Dex: 15    Spells: 4/4 levels left

rFire   . . .        Y - +0 shortbow
rCold   . . .        (shield currently unavailable)
rNeg    + . .        k - +0 ring mail
rPois   inf          l - +0 helmet
rElec   +            (no cloak)
rCorr   .            f - +0 pair of gloves
SInv    .            (no boots)
Will    .....        (no amulet)
Stlth   +            (no ring)
HPRegen 0.25/turn    (no ring)
MPRegen 0.09/turn

%: no passive effects
@: about to teleport
A: sickness immunity, AC +4, negative energy resistance 1, electricity
resistance, torment resistance 1, petrification resistance
a: no special abilities


You were on level 4 of the Dungeon.
You visited 1 branch of the dungeon, and saw 4 of its levels.

You collected 131 gold pieces.


Innate Abilities, Weirdness & Mutations

You are immune to sickness and miasma.
Your stone body is resilient. (AC +4)
You are immune to poison.
You resist negative energy. (rN+)
You are resistant to electric shocks. (rElec)
You are resistant to unholy torment.
You are immune to petrification.


   Skills:
 - Level 4.2 Fighting
 + Level 6.0 Ranged Weapons
 - Level 1.0 Armour
 - Level 1.5 Dodging
 - Level 1.1 Stealth


You had 4 spell levels left.
You didn't know any spells.
Your spell library was empty.

Inventory:

Hand Weapons
 Y - a +0 shortbow (weapon)
Armour
 c - the +5 pair of gloves "Ixeonept" {-Tele rElec rC+++ SInv}
   (You acquired it on level 3 of the Dungeon)

   rC+++:     It renders you almost immune to cold.
   rElec:     It insulates you from electricity.
   SInv:      It lets you see invisible.
   -Tele:     It prevents most forms of teleportation.
 f - a +0 pair of gloves (worn)
 k - a +0 ring mail (worn)
 l - a +0 helmet (worn)
Scrolls
 a - a scroll of identify
 e - a scroll of teleportation
Potions
 b - a potion of enlightenment
 g - a potion of curing

Dungeon Overview and Level Annotations

Branches:
Dungeon (4/15)
 Temple: D:4-7

Altars:
Hepliaklqana

Annotations:
D:2 1 runed translucent door, Crazy Yiuf


Message History

You hear some strange, mumbled words.
A puff of flame appears from out of thin air!
The puff of flame hits you but does no damage.
You shoot an arrow.
The arrow closely misses the orc priest.
Something hits you.
You shoot an arrow. Something hits you but does no damage.
You shoot an arrow.
Reactivating autopickup.
You feel a bit more experienced.
Your Fighting skill increases to level 4!
You shoot an arrow. The arrow hits the orc priest.
The orc priest is moderately wounded.
The orc priest calls upon Beogh to heal the orc priest.
The orc priest is healed somewhat.
The orc priest hits you but does no damage.
You shoot an arrow. The arrow hits the orc priest.
The orc priest is heavily wounded.
The orc priest hits you but does no damage.
The orc priest looks braver for a moment.
You shoot an arrow. The arrow hits the orc priest.
The orc priest is almost dead.
The orc priest invokes the aid of Beogh against you.
Beogh smites you!
You shoot an arrow. The arrow barely misses the orc priest.
The arrow hits the orc priest.
The orc priest is moderately wounded.
The orc priest hits you with a +0 dagger.
2870 ||| READING 2 scrolls of teleportation.
As you read the scroll of teleportation, it crumbles to dust.
You feel strangely unstable.
The orc priest calls upon Beogh to heal the orc priest.
The orc priest's wounds heal themselves!
The orc priest looks encouraged for a moment.
You shoot an arrow. The arrow hits the orc priest.
You kill the orc priest!
The orc priest mumbles some strange prayers to Beogh against you.
Beogh smites you!
You die...

#...###......#...........#
#.........................
#....##......#. ........#
#...###......# #.......#
...## ####.#### #.......#
..## #.....# #.......# ..#
#.....# #..<..... .....
#.....####.......# ..#...
#.......@)o)...).#
..#..........##########)..
..# ....##...# .. ..# ....
#...# . .. #.#.# #.#..
.... ._ .P


You could see an orc priest.

Vanquished Creatures
  2 orc priests
  An orc wizard (D:4)
  5 gnolls
  4 adders
  2 worms
  4 dart slugs
  5 orcs
  7 ball pythons
  6 endoplasms
  2 giant cockroaches (D:1)
  5 goblins
  4 hobgoblins
  5 quokkas
  5 bats
  4 frilled lizards
  8 kobolds
  3 rats
72 creatures vanquished.

Notes
Turn   | Place    | Note
-------+----------+-------------------------------------------
     0 | D:1      | qw the Gargoyle Hunter began the quest for the Orb.
     0 | D:1      | Reached XP level 1. HP: 12/12 MP: 1/1
     0 | D:1      | 0 ||| qw: Version: 0.3-a-76-g4403597
     0 | D:1      | 0 ||| qw: Game counter: 197
     0 | D:1      | 0 ||| qw: Melee chars always use a shield: true
     0 | D:1      | 0 ||| qw: God list: Okawaru
     0 | D:1      | 0 ||| qw: Allow faded altars: false
     0 | D:1      | 0 ||| qw: Do Orc after clearing Dungeon:15 true
     0 | D:1      | 0 ||| qw: Do second Lair branch before Depths: true
     0 | D:1      | 0 ||| qw: Lair rune preference: random
     0 | D:1      | 0 ||| qw: Goals: Normal
     0 | D:1      | 0 ||| PLANNING D:1-11
   160 | D:1      | Reached XP level 2. HP: 8/17 MP: 2/2
   390 | D:1      | Reached XP level 3. HP: 21/21 MP: 3/3
   443 | D:1      | Reached skill level 5 in Ranged Weapons
   553 | D:1      | You fall into a shaft and drop 1 floor!
   571 | D:2      | Reached skill level 3 in Fighting
   582 | D:2      | HP: 5/23 [gnoll/+0 spear (4)]
   584 | D:2      | Reached XP level 4. HP: 7/28 MP: 4/4
   682 | D:2      | 682 ||| READING 3 scrolls labelled RIARAJ YMAU.
   683 | D:2      | 683 ||| READING scroll labelled SAOLURPHAFO.
   684 | D:2      | 684 ||| READING 2 scrolls of identify.
   684 | D:2      | 684 ||| IDENTIFYING smoky red potion
   685 | D:2      | 685 ||| DROPPING scroll of butterflies.
   686 | D:2      | 686 ||| DROPPING potion of degeneration.
  1012 | D:1      | 1012 ||| READING scroll labelled EKOLOIXIUKK.
  1235 | D:2      | Reached XP level 5. HP: 12/32 MP: 5/5
  1368 | D:2      | Reached skill level 6 in Ranged Weapons
  1449 | D:2      | Found a faded altar of an unknown god.
  1745 | D:2      | Found a runed translucent door.
  1746 | D:2      | Noticed Crazy Yiuf
  1840 | D:2      | 1840 ||| UPGRADING to +0 pair of gloves.
  1845 | D:2      | 1845 ||| READING scroll labelled BEINNE OTAFORGH.
  1846 | D:2      | 1846 ||| READING 3 scrolls of identify.
  1846 | D:2      | 1846 ||| IDENTIFYING pink potion
  1847 | D:2      | 1847 ||| READING 2 scrolls of identify.
  1847 | D:2      | 1847 ||| IDENTIFYING sapphire potion
  1848 | D:2      | 1848 ||| DROPPING potion of invisibility.
  2061 | D:3      | Reached skill level 1 in Armour
  2705 | D:3      | 2705 ||| UPGRADING to +0 ring mail.
  2715 | D:3      | 2715 ||| DROPPING +0 leather armour.
  2716 | D:3      | 2716 ||| UPGRADING to +0 helmet.
  2721 | D:3      | 2721 ||| READING scroll labelled MIADAYS FEELAPRIY.
  2722 | D:3      | 2722 ||| READING scroll labelled WOBLIP ZETZAT.
  2722 | D:3      | Identified a scroll of acquirement
  2722 | D:3      | 2722 ||| ACQUIRING +5 pair of gloves "Ixeonept" {-Tele
                  | rElec rC+++ SInv}
  2722 | D:3      | Acquired the +5 pair of gloves "Ixeonept" {-Tele rElec
                  | rC+++ SInv}
  2724 | D:3      | 2724 ||| READING scroll labelled MESURINGIP.
  2725 | D:3      | 2725 ||| READING 3 scrolls of identify.
  2725 | D:3      | 2725 ||| IDENTIFYING ruby potion
  2726 | D:3      | 2726 ||| READING 2 scrolls of identify.
  2726 | D:3      | 2726 ||| IDENTIFYING grey potion
  2727 | D:3      | 2727 ||| DROPPING potion of brilliance.
  2837 | D:4      | Found a hazy altar of Hepliaklqana.
  2850 | D:4      | 2850 ||| RETREATING.
  2852 | D:4      | 2852 ||| Stepping ~*~*~tactically~*~*~ (retreating).
  2853 | D:4      | 2853 ||| Stepping ~*~*~tactically~*~*~ (retreating).
  2869 | D:4      | HP: 6/33 [orc priest/+0 dagger (3)]
  2870 | D:4      | 2870 ||| READING 2 scrolls of teleportation.
  2871 | D:4      | Killed from afar by an orc priest

Levels and vault maps discovered:
D:1:      minmay_arrival_floating_metal, layout_basic
D:2:      layout_basic, nicolae_ecumenical_lake_church, uniq_crazy_yiuf_cottage
D:3:      layout_basic, minmay_quantized
D:4:      layout_basic, mainiacjoe_overflow_boulevard,
          lemuel_coloured_pillars_altar, serial_shops, shop

Skill      XL: |  1  2  3  4  5 |
---------------+----------------+-----
Ranged Weapons | 5 6 |  6.0
Fighting       | 3 4 |  4.2
Armour         | 1 |  1.0
Dodging        | |  1.5
Stealth        | |  1.1

Action                     |  1- 3 |  4- 6 || total
---------------------------+-------+-------++-------
   Fire: Shortbow          |    83 |   161 ||   244
    Use: Scroll            |       |    13 ||    13
 Armour: Leather armour    |    25 |    27 ||    52
         Ring mail         |       |    15 ||    15
  Dodge: Dodged            |    15 |    39 ||    54

Table legend:
 A = Non-vault XP
 B = Vault XP
 C = Vault XP percentage of total XP
 D = Non-vault monster count
 E = Vault monster count
 F = Vault count percentage of total count
                 A         B        C        D         E       F
            +---------+---------+-------+---------+---------+-------
      Total |     351 |       5 |   1.4 |      68 |       4 |   5.6
            +---------+---------+-------+---------+---------+-------
        D:1 |      50 |       0 |   0.0 |      20 |       0 |   0.0
        D:2 |     157 |       0 |   0.0 |      23 |       0 |   0.0
        D:3 |      59 |       5 |   7.8 |      16 |       4 |  20.0
        D:4 |      85 |       0 |   0.0 |       9 |       0 |   0.0
            +---------+---------+-------+---------+---------+-------
